 Dungeon Crawl Stone Soup version 0.22.1-2-g9c5b331383 (webtiles) character file.

368 Marnok the Chopper (level 7, -1/54 HPs)
             Began as a Human Fighter on Nov 24, 2018.
             Was an Initiate of the Shining One.
             Killed by divine providence
             ... invoked by an orc priest
              (14 damage)
             ... on level 3 of the Dungeon.
             The game lasted 00:14:52 (2582 turns).

Marnok the Chopper (Human Fighter)                  Turns: 2582, Time: 00:14:52

Health: -1/54      AC:  8    Str: 18    XL:     7   Next: 1%
Magic:  7/7        EV: 24    Int:  9    God:    the Shining One [......]
Gold:   104        SH:  9    Dex: 12    Spells: 6/6 levels left

rFire    . . .     SeeInvis .   o - +0 hand axe (flame)
rCold    . . .     Gourm    .   c - +0 shield
rNeg     . . .     Faith    .   l - +3 ring mail
rPois    .         Spirit   .   (no helmet)
rElec    .         Reflect  .   (no cloak)
rCorr    .         Harm     .   (no gloves)
MR       .....                  (no boots)
Stlth    +.........             q - amulet of the acrobat
HPRegen  0.18/turn              (no ring)
MPRegen  0.10/turn              (no ring)

@: glowing
A: no striking features
a: Renounce Religion


You were on level 3 of the Dungeon.
You worshipped the Shining One.
The Shining One was noncommittal.
You were not hungry.

You visited 1 branch of the dungeon, and saw 4 of its levels.

You collected 104 gold pieces.

Inventory:

Hand Weapons
 a - a +0 war axe
 o - a +0 hand axe of flaming (weapon)
Missiles
 h - 2 curare-tipped needles
Armour
 b - a +0 scale mail
 c - a +0 shield (worn)
 l - a +3 ring mail (worn)
Jewellery
 q - an amulet of the acrobat (around neck)
Scrolls
 e - a scroll of identify
 i - 2 scrolls of blinking
 n - a scroll of teleportation
Potions
 g - a potion of curing
Comestibles
 f - 7 rations
 j - 3 chunks of flesh


   Skills:
 + Level 4.0 Fighting
 + Level 4.5 Axes
 + Level 4.2 Armour
 + Level 1.6 Dodging
 + Level 3.8 Shields


You had 6 spell levels left.
You didn't know any spells.
Your spell library was empty.

Dungeon Overview and Level Annotations

Branches:
Dungeon (4/15)
 Temple: D:4-7

Altars:
The Shining One

Annotations:
D:3 Natasha


Message History

There are monsters nearby!
The orc priest mumbles some strange prayers to Beogh against you.
You struggle to resist.
Your surroundings suddenly seem different.
You see here a robe.
You start resting.
Natasha is too close now for your liking.
You start resting.
Natasha is too close now for your liking.
Natasha hisses angrily.
The orc priest shouts!
The orc priest calls down the wrath of Beogh upon you.
Pain shoots through your body!
* * * LOW HITPOINT WARNING * * *
Natasha mumbles some strange words.
You feel a little less mighty now.
The crimson imp blinks!
Natasha completely misses you.
The orc priest invokes the aid of Beogh against you.
Beogh smites you!
You die...

### ######
############.## #.....
#...........#.## #.###.
#.##...@h....#.# #.# #.
#.###.#####o..#####.###.
#.# #.# #...)....#..÷.
###
#.###5#####[#######.###.
...#.##.#.....o.## #.#
#.
#.#.#.###.......#####.#
#.
#...##.#.##.....÷.....#
##
###<............#######
#...###.####....#


You could see an orc priest and Natasha.

Vanquished Creatures
  Sigmund (D:2)
  An orc priest (D:3)
  An orc wizard (D:3)
  11 adders
  2 dart slugs
  A leopard gecko (D:3)
  2 orcs (D:3)
  2 ball pythons (D:2)
  4 giant cockroaches
  9 goblins
  6 hobgoblins
  A quokka (D:2)
  7 frilled lizards
  5 kobolds
  9 rats
62 creatures vanquished.

Notes
Turn   | Place    | Note
-------+----------+-------------------------------------------
     0 | D:1      | Marnok the Human Fighter began the quest for the Orb.
     0 | D:1      | Reached XP level 1. HP: 18/18 MP: 1/1
    56 | D:1      | Reached XP level 2. HP: 18/24 MP: 2/2
   800 | D:2      | Reached XP level 3. HP: 24/29 MP: 3/3
  1391 | D:2      | Found a glowing golden altar of the Shining One.
  1396 | D:2      | Became a worshipper of the Shining One
  1504 | D:2      | Reached XP level 4. HP: 18/35 MP: 4/4
  1655 | D:2      | Noticed Sigmund
  1673 | D:2      | Killed Sigmund
  1673 | D:2      | Reached skill level 1 in Dodging
  1673 | D:2      | Reached XP level 5. HP: 21/42 MP: 5/5
  1673 | D:2      | Reached XP level 6. HP: 24/48 MP: 6/6
  2511 | D:3      | Noticed Natasha
  2526 | D:3      | Reached XP level 7. HP: 31/54 MP: 7/7
  2582 | D:3      | Killed from afar by an orc priest

Skill      XL: |  1  2  3  4  5  6 |
---------------+-------------------+-----
Fighting       | 4 |  4.0
Axes           | 4 |  4.5
Dodging        | 1 |  1.6
Armour         | 4 |  4.2
Shields        | |  3.8

Action                   |  1- 3 |  4- 6 |  7- 9 || total
-------------------------+-------+-------+-------++-------
Melee: War axe           |   108 |    29 |       ||   137
       Hand axe          |       |    95 |     6 ||   101
  Use: Potion            |     2 |     3 |     2 ||     7
       Scroll            |       |     6 |     1 ||     7
  Eat: Chunk             |     1 |     1 |       ||     2
       Ration            |     1 |       |       ||     1
Armor: Scale mail        |    34 |     9 |       ||    43
       Skin              |       |     3 |       ||     3
       Ring mail         |       |    31 |       ||    31
Dodge: Dodged            |    20 |    38 |     3 ||    61
Block: Shield            |    52 |    60 |     3 ||   115
